TOP OF THE 1ST |
Yakima Hops batting - Pitching for Belvedere Park Rawhides : LHP Andrew Holloway
|
Pitching: LHP Andrew Holloway
|
|
Batting: RHB Giuseppe Provolone
|
0-0: Called Strike 0-1: Ball 1-1: Swinging Strike 1-2: Ball 2-2: Ground out 6-3 (Groundball, 6)
|
Batting: RHB Xavier Gama
|
0-0: Foul Ball, location: 2F 0-1: Ball 1-1: Swinging Strike 1-2: Ball 2-2: SINGLE (Line Drive, 7LM)
|
Batting: RHB Mark Finney
|
0-0: Called Strike 0-1: Foul Ball, location: 2F 0-2: Ball 1-2: Foul Ball, location: 2F 1-2: Ball 2-2: Ball 3-2: Fly out, F9 (Flyball, 9D) Runner from 1st tags up, SAFE at 2nd
|
Batting: LHB Tim O'Neal
|
0-0: Called Strike 0-1: Foul Ball, location: 2F 0-2: Ball 1-2: Strikes out swinging
|
Top of the 1st over - 0 runs, 1 hit, 0 errors, 1 left on base; Yakima 0 - Belvedere Park 0 |
BOTTOM OF THE 1ST |
Belvedere Park Rawhides batting - Pitching for Yakima Hops : RHP Patrick Buzard
|
Pitching: RHP Patrick Buzard
|
|
Batting: SHB Ed Blackett
|
0-0: Called Strike 0-1: Bunt for hit - play at first, batter OUT! 3-4
|
Batting: SHB Adrián Zamudio
|
0-0: Ball 1-0: Called Strike 1-1: Ground out 1-3 (Groundball, P)
|
Batting: RHB Pat Lloyd
|
0-0: Ball 1-0: Swinging Strike 1-1: Foul Ball, location: 2F 1-2: Foul Ball, location: 2F 1-2: Fly out, F9 (Flyball, 9LMF)
|
Bottom of the 1st over - 0 runs, 0 hits, 0 errors, 0 left on base; Yakima 0 - Belvedere Park 0 |
TOP OF THE 2ND |
Yakima Hops batting - Pitching for Belvedere Park Rawhides : LHP Andrew Holloway
|
Batting: LHB Arnold England
|
0-0: Ball 1-0: Foul Ball, location: 2F 1-1: Foul Ball, location: 2F 1-2: Foul Ball, location: 2F 1-2: Ball 2-2: Ball 3-2: Foul Ball, location: 2F 3-2: Reached on error, E3 (Groundball, 34)
|
Batting: RHB Randy Contreras
|
0-0: Foul Ball, location: 2F 0-1: Ball 1-1: Foul Ball, location: 2F 1-2: Ball 2-2: Grounds into double play, 4-6-3 (Groundball, 4MD)
|
Batting: LHB Ieyoshi Samurakami
|
0-0: Ball 1-0: Foul Ball, location: 2F 1-1: Ground out 1-3 (Groundball, P)
|
Top of the 2nd over - 0 runs, 0 hits, 1 error, 0 left on base; Yakima 0 - Belvedere Park 0 |
BOTTOM OF THE 2ND |
Belvedere Park Rawhides batting - Pitching for Yakima Hops : RHP Patrick Buzard
|
Batting: RHB Joey Trifone
|
0-0: Ball 1-0: Called Strike 1-1: Swinging Strike 1-2: Ball 2-2: Foul Ball, location: 2F 2-2: Fly out, F7 (Flyball, 78S)
|
Batting: SHB Eduardo Pampin
|
0-0: Ball 1-0: Ball 2-0: Foul Ball, location: 2F 2-1: Ball 3-1: SINGLE (Line Drive, 78S)
|
Batting: LHB Dan O'Day
|
0-0: Foul Ball, location: 2F 0-1: Fielders Choice at 2nd, 4-6 (Groundball, 4)
|
Batting: RHB Jorge Alcantar
|
0-0: Ball 1-0: Ground out 3-1 (Groundball, 34S)
|
Bottom of the 2nd over - 0 runs, 1 hit, 0 errors, 1 left on base; Yakima 0 - Belvedere Park 0 |
TOP OF THE 3RD |
Yakima Hops batting - Pitching for Belvedere Park Rawhides : LHP Andrew Holloway
|
Batting: RHB Javier Carretero
|
0-0: Ball 1-0: Fly out, F8 (Flyball, 8LM)
|
Batting: RHB Luis Rodríguez
|
0-0: Swinging Strike 0-1: Swinging Strike 0-2: SINGLE (Groundball, 56D)
|
Batting: RHB Giuseppe Provolone
|
0-0: SINGLE (Groundball, 56D) Luis Rodríguez to second
|
Batting: RHB Xavier Gama
|
0-0: Ball 1-0: Fly out, F7 (Flyball, 8LS)
|
Batting: RHB Mark Finney
|
0-0: Ball 1-0: Swinging Strike 1-1: Foul Ball, location: 2F 1-2: Strikes out swinging
|
Top of the 3rd over - 0 runs, 2 hits, 0 errors, 2 left on base; Yakima 0 - Belvedere Park 0 |
BOTTOM OF THE 3RD |
Belvedere Park Rawhides batting - Pitching for Yakima Hops : RHP Patrick Buzard
|
Batting: LHB Seung-soo Ch'ae
|
0-0: Called Strike 0-1: Ground out 1-3 (Groundball, 15S)
|
Batting: RHB Harry Gibson
|
0-0: Ball 1-0: Ball 2-0: Ball 3-0: Called Strike 3-1: Foul Ball, location: 2F 3-2: Base on Balls
|
Batting: SHB Ed Blackett
|
0-0: Ball 1-0: Called Strike 1-1: Ball 2-1: Foul Ball, location: 2F 2-2: DOUBLE (Line Drive, 8RD) Harry Gibson to third Runner from 3rd tries for Home, SAFE, no throw
|
Batting: SHB Adrián Zamudio
|
0-0: Fly out, F8 (Flyball, 8RM)
|
Batting: RHB Pat Lloyd
|
0-0: Ball 1-0: Ball 2-0: Ball 3-0: Called Strike 3-1: Swinging Strike 3-2: Ground out 6-3 (Groundball, 6)
|
Bottom of the 3rd over - 1 run, 1 hit, 0 errors, 1 left on base; Yakima 0 - Belvedere Park 1 |
TOP OF THE 4TH |
Yakima Hops batting - Pitching for Belvedere Park Rawhides : LHP Andrew Holloway
|
Batting: LHB Tim O'Neal
|
0-0: Ball 1-0: SINGLE (Line Drive, 89S)
|
Batting: LHB Arnold England
|
0-0: Called Strike 0-1: Ball 1-1: Ball 2-1: Ball 3-1: Base on Balls Tim O'Neal to second
|
Batting: RHB Randy Contreras
|
0-0: Called Strike 0-1: Swinging Strike 0-2: Ball 1-2: Ball 2-2: Strikes out looking
|
Batting: LHB Ieyoshi Samurakami
|
0-0: SINGLE (Groundball, 4D) Tim O'Neal to third Arnold England to second Runner from 3rd tries for Home, SAFE, no throw
|
Batting: RHB Javier Carretero
|
0-0: Called Strike 0-1: Fly out, F3 (Popup, 3SF)
|
Batting: RHB Luis Rodríguez
|
0-0: Called Strike 0-1: Ball 1-1: Foul Ball, location: 2F 1-2: Ball 2-2: Strikes out swinging
|
Top of the 4th over - 1 run, 2 hits, 0 errors, 2 left on base; Yakima 1 - Belvedere Park 1 |
BOTTOM OF THE 4TH |
Belvedere Park Rawhides batting - Pitching for Yakima Hops : RHP Patrick Buzard
|
Batting: RHB Joey Trifone
|
0-0: Ball 1-0: Ball 2-0: Ball 3-0: Called Strike 3-1: Foul Ball, location: 2F 3-2: SINGLE (Line Drive, 56D)
|
Batting: SHB Eduardo Pampin
|
0-0: Ball 1-0: Ball 2-0: Foul Ball, location: 2F 2-1: Foul Ball, location: 2F 2-2: Strikes out swinging
|
Batting: LHB Dan O'Day
|
0-0: Called Strike 0-1: Swinging Strike 0-2: Foul Ball, location: 2F 0-2: Ball 1-2: Ball 2-2: Ball 3-2: Strikes out swinging
|
Batting: RHB Jorge Alcantar
|
0-0: Foul Ball, location: 2F 0-1: Foul Ball, location: 2F 0-2: Ball Joey Trifone steals 2nd base 1-2: Fly out, F9 (Flyball, 9LMF)
|
Bottom of the 4th over - 0 runs, 1 hit, 0 errors, 1 left on base; Yakima 1 - Belvedere Park 1 |
TOP OF THE 5TH |
Yakima Hops batting - Pitching for Belvedere Park Rawhides : LHP Andrew Holloway
|
Batting: RHB Giuseppe Provolone
|
0-0: Swinging Strike 0-1: Foul Ball, location: 2F 0-2: Foul Ball, location: 2F 0-2: Strikes out looking
|
Batting: RHB Xavier Gama
|
0-0: Called Strike 0-1: Swinging Strike 0-2: Fly out, F7 (Flyball, 7LSF)
|
Batting: RHB Mark Finney
|
0-0: Hit by Pitch
|
Batting: LHB Tim O'Neal
|
0-0: Ball 1-0: Ball 2-0: Called Strike 2-1: Called Strike 2-2: Foul Ball, location: 2F 2-2: Ground out 3-1 (Groundball, 34S)
|
Top of the 5th over - 0 runs, 0 hits, 0 errors, 1 left on base; Yakima 1 - Belvedere Park 1 |
BOTTOM OF THE 5TH |
Belvedere Park Rawhides batting - Pitching for Yakima Hops : RHP Patrick Buzard
|
Batting: LHB Seung-soo Ch'ae
|
0-0: Ground out 2-3 (Groundball, 15S)
|
Batting: RHB Harry Gibson
|
0-0: Ground out 5-3 (Groundball, 2L)
|
Batting: SHB Ed Blackett
|
0-0: Ball 1-0: Ball 2-0: Ball 3-0: Base on Balls
|
Batting: SHB Adrián Zamudio
|
0-0: Called Strike 0-1: Ball 1-1: Ball Ed Blackett steals 2nd base 2-1: Ball 3-1: SINGLE (Line Drive, 7LS) Ed Blackett to third Runner from 3rd tries for Home, SAFE, no throw
|
Batting: RHB Pat Lloyd
|
0-0: Called Strike 0-1: Ball 1-1: Fly out, F8 (Flyball, 89D)
|
Bottom of the 5th over - 1 run, 1 hit, 0 errors, 1 left on base; Yakima 1 - Belvedere Park 2 |
TOP OF THE 6TH |
Yakima Hops batting - Pitching for Belvedere Park Rawhides : LHP Andrew Holloway
|
Batting: LHB Arnold England
|
0-0: Called Strike 0-1: Ball 1-1: Foul Ball, location: 2F 1-2: Strikes out swinging
|
Batting: RHB Randy Contreras
|
0-0: Ball 1-0: Ball 2-0: Ball 3-0: Base on Balls
|
Pitching: LHP Claudio Avelardo
|
|
Batting: LHB Ieyoshi Samurakami
|
0-0: Ball 1-0: Ball 2-0: SINGLE (Line Drive, 4MD) Randy Contreras to second
|
Batting: RHB Javier Carretero
|
0-0: Ball Randy Contreras steals 3rd base 1-0: Swinging Strike 1-1: Swinging Strike 1-2: Ball 2-2: Ball 3-2: Foul Ball, location: 2F 3-2: Base on Balls Ieyoshi Samurakami to second
|
Batting: RHB Luis Rodríguez
|
0-0: Ball 1-0: Foul Ball, location: 2F 1-1: Ball 2-1: Ball 3-1: Foul Ball, location: 2F 3-2: Base on Balls Randy Contreras scores Ieyoshi Samurakami to third Javier Carretero to second
|
Batting: RHB Giuseppe Provolone
|
0-0: Fly out, F7 (Flyball, 7S)
|
Batting: RHB Xavier Gama
|
0-0: Ball 1-0: Foul Ball, location: 2F 1-1: Foul Ball, location: 2F 1-2: Strikes out swinging
|
Top of the 6th over - 1 run, 1 hit, 0 errors, 3 left on base; Yakima 2 - Belvedere Park 2 |
BOTTOM OF THE 6TH |
Belvedere Park Rawhides batting - Pitching for Yakima Hops : RHP Patrick Buzard
|
Batting: RHB Joey Trifone
|
0-0: Called Strike 0-1: DOUBLE (Groundball, 5L)
|
Batting: SHB Eduardo Pampin
|
0-0: Fly out, F9 (Flyball, 9S)
|
Batting: LHB Dan O'Day
|
0-0: Ball 1-0: Ball 2-0: Called Strike 2-1: Called Strike 2-2: Foul Ball, location: 2F 2-2: Ball 3-2: Foul Ball, location: 2F 3-2: Fly out, F9 (Flyball, 9D) Runner from 2nd tags up, SAFE at 3rd, no throw
|
Pitching: RHP Iván Icaza
|
|
Batting: RHB Jorge Alcantar
|
0-0: Ball 1-0: Ball 2-0: Ball 3-0: Base on Balls
|
Batting: LHB Seung-soo Ch'ae
|
0-0: Ball 1-0: Ball 2-0: Ball 3-0: Called Strike 3-1: Foul Ball, location: 2F 3-2: Strikes out swinging
|
Bottom of the 6th over - 0 runs, 1 hit, 0 errors, 2 left on base; Yakima 2 - Belvedere Park 2 |
TOP OF THE 7TH |
Yakima Hops batting - Pitching for Belvedere Park Rawhides : LHP Claudio Avelardo
|
Batting: RHB Mark Finney
|
0-0: Called Strike 0-1: Ball 1-1: Ball 2-1: SINGLE (Line Drive, 3)
|
Batting: LHB Tim O'Neal
|
0-0: Ball 1-0: Called Strike 1-1: Swinging Strike 1-2: Ball 2-2: Foul Ball, location: 2F 2-2: Strikes out swinging
|
Batting: LHB Arnold England
|
0-0: Ball 1-0: Foul Ball, location: 2F 1-1: Ball 2-1: SINGLE (Groundball, 56D) Mark Finney to second
|
Batting: RHB Randy Contreras
|
0-0: Called Strike 0-1: Swinging Strike 0-2: Fly out, F7 (Flyball, 78M)
|
Batting: LHB Ieyoshi Samurakami
|
0-0: Called Strike 0-1: Ball 1-1: Ball 2-1: SINGLE (Groundball, 34D) Mark Finney to third Arnold England to second Runner from 3rd tries for Home, SAFE, no throw
|
Batting: RHB Javier Carretero
|
0-0: Called Strike 0-1: Called Strike 0-2: Ball 1-2: Ball 2-2: Ball 3-2: Ground out 6-3 (Groundball, 56)
|
Top of the 7th over - 1 run, 3 hits, 0 errors, 2 left on base; Yakima 3 - Belvedere Park 2 |
BOTTOM OF THE 7TH |
Belvedere Park Rawhides batting - Pitching for Yakima Hops : RHP Iván Icaza
|
Batting: RHB Harry Gibson
|
0-0: Ball 1-0: Called Strike 1-1: Ball 2-1: Swinging Strike 2-2: Ball 3-2: Strikes out swinging
|
Batting: SHB Ed Blackett
|
0-0: Ball 1-0: SINGLE (Flyball, 9LS)
|
Batting: SHB Adrián Zamudio
|
0-0: Ball Ed Blackett steals 2nd base 1-0: Ball 2-0: Ground out 5-3 (Groundball, 56S) Ed Blackett to third
|
Batting: RHB Pat Lloyd
|
0-0: DOUBLE (Line Drive, 78D) Ed Blackett scores
|
Batting: RHB Joey Trifone
|
0-0: Ball 1-0: Ball 2-0: Foul Ball, location: 2F 2-1: Ball 3-1: Called Strike 3-2: Fly out, F9 (Flyball, 89S)
|
Bottom of the 7th over - 1 run, 2 hits, 0 errors, 1 left on base; Yakima 3 - Belvedere Park 3 |
TOP OF THE 8TH |
Yakima Hops batting - Pitching for Belvedere Park Rawhides : LHP Claudio Avelardo
|
Batting: RHB Luis Rodríguez
|
0-0: Called Strike 0-1: Ball 1-1: Ball 2-1: SINGLE (Groundball, 4S) (infield hit)
|
Batting: RHB Giuseppe Provolone
|
0-0: Ball 1-0: Bunted foul 1-1: Bunt missed! 1-2: Ball 2-2: Foul Ball, location: 2F 2-2: Ball 3-2: DOUBLE (Line Drive, 89D) Luis Rodríguez to third Luis Rodríguez scores
|
Pitching: RHP Greg Kennamer
|
|
Batting: RHB Xavier Gama
|
0-0: Swinging Strike 0-1: Ball 1-1: Foul Ball, location: 2F 1-2: Fly out, F9 (Flyball, 9D) Runner from 2nd tags up, SAFE at 3rd, no throw
|
Batting: RHB Mark Finney
|
0-0: Called Strike 0-1: Foul Ball, location: 2F 0-2: Strikes out looking
|
Batting: LHB Tim O'Neal
|
0-0: Swinging Strike 0-1: Called Strike 0-2: Ball 1-2: Ball 2-2: Fly out, F8 (Flyball, 8LD)
|
Top of the 8th over - 1 run, 2 hits, 0 errors, 1 left on base; Yakima 4 - Belvedere Park 3 |
BOTTOM OF THE 8TH |
Belvedere Park Rawhides batting - Pitching for Yakima Hops : RHP Iván Icaza
|
Batting: SHB Eduardo Pampin
|
0-0: Ball 1-0: Ball 2-0: Ball 3-0: Base on Balls
|
Pitching: LHP Allen Duer
|
|
Pinch Hitting: RHB José Pérez
|
0-0: Sac Bunt - play at first, batter OUT! 1-4 Eduardo Pampin to second
|
Batting: RHB Jorge Alcantar
|
0-0: SINGLE (Line Drive, 7LS) Eduardo Pampin to third Runner from 3rd tries for Home, SAFE, no throw
|
Pinch Hitting: RHB Pat Sizemore
|
0-0: Ball Jorge Alcantar steals 2nd base 1-0: Ball 2-0: Fly out, F7 (Flyball, 78D)
|
Batting: RHB Harry Gibson
|
0-0: Ball 1-0: Ball 2-0: Ball Wild Pitch! Jorge Alcantar to third 3-0: Base on Balls
|
Pinch Hitting: RHB Ken Burton
|
0-0: Ball 1-0: Fly out, F8 (Line Drive, 78D)
|
Bottom of the 8th over - 1 run, 1 hit, 0 errors, 2 left on base; Yakima 4 - Belvedere Park 4 |
TOP OF THE 9TH |
Yakima Hops batting - Pitching for Belvedere Park Rawhides : RHP Greg Kennamer
|
Pitching: RHP Sam Pelsize
|
|
Now at 1B: José Pérez
|
|
Now at SS: Pat Sizemore
|
|
Now in LF: Ken Burton
|
|
Batting: LHB Arnold England
|
0-0: Ball 1-0: Called Strike 1-1: Ground out 4-3 (Groundball, 4)
|
Batting: RHB Randy Contreras
|
0-0: Called Strike 0-1: Ball 1-1: Called Strike 1-2: Foul Ball, location: 2F 1-2: Foul Ball, location: 2F 1-2: DOUBLE (Flyball, 8LD)
|
Batting: LHB Ieyoshi Samurakami
|
0-0: Intentional Walk
|
Pinch Hitting: LHB Bob Maher
|
0-0: Called Strike 0-1: Called Strike 0-2: Ball 1-2: Strikes out swinging
|
Batting: RHB Luis Rodríguez
|
0-0: Ball 1-0: Foul Ball, location: 2F 1-1: DOUBLE (Flyball, 78D) Randy Contreras scores Ieyoshi Samurakami to third
|
Batting: RHB Giuseppe Provolone
|
0-0: Ball 1-0: Ball 2-0: Ground out 5-3 (Groundball, 56)
|
Top of the 9th over - 1 run, 2 hits, 0 errors, 2 left on base; Yakima 5 - Belvedere Park 4 |
BOTTOM OF THE 9TH |
Belvedere Park Rawhides batting - Pitching for Yakima Hops : LHP Allen Duer
|
Pitching: LHP Daniel Gill
|
|
Now at C: Johnny Henshaw-Jacobs
|
|
Batting: SHB Adrián Zamudio
|
0-0: Foul Ball, location: 2F 0-1: Ball 1-1: Ball 2-1: SINGLE (Flyball, 8RS)
|
Pinch Runner at 1st Ángel Costa:
|
|
Batting: RHB Pat Lloyd
|
0-0: Ball 1-0: Ball 2-0: Foul Ball, location: 2F 2-1: Foul Ball, location: 2F 2-2: SINGLE (Line Drive, 9LM) Ángel Costa to second Runner from 2nd tries for 3rd, SAFE, no throw
|
Batting: RHB Joey Trifone
|
0-0: Ball 1-0: Ball 2-0: Swinging Strike 2-1: Foul Ball, location: 2F 2-2: Strikes out looking
|
Batting: SHB Eduardo Pampin
|
0-0: Ball 1-0: Ball 2-0: Ball 3-0: Called Strike 3-1: Base on Balls Pat Lloyd to second
|
Batting: RHB José Pérez
|
0-0: Ball 1-0: Ball 2-0: Ball 3-0: Called Strike 3-1: Base on Balls Ángel Costa scores Pat Lloyd to third Eduardo Pampin to second
|
Batting: RHB Jorge Alcantar
|
0-0: Foul Ball, location: 2F 0-1: Foul Ball, location: 2F 0-2: Ball 1-2: Strikes out looking
|
Batting: RHB Pat Sizemore
|
0-0: Ball 1-0: SINGLE (Line Drive, 34D) Pat Lloyd scores
|
Sunday, March 18th, 2018 - OOTP Baseball 18.8 Build 76
|
|